Map: Abyssal Reef LE

Players

Minato - Winner!

  • Race: Zerg Zerg
  • Spawn Location: 11:00

DnS

  • Race: Protoss Protoss
  • Spawn Location: 5:00

Event: WCS Jonkoping 2017

VOD

Have the link to the VOD?

Description

Time

  • Played on: June 17, 2017, 10:42 a.m.
  • Length: 11:53

All games in this series

Show
View Real Time Build Order
Export as new Build Order

Minato Zerg - Winner!

Build Orders: Pool First 

Get SALT Encoding   

  12  0:00  Drone  
  13  0:12  Overlord  
  13  0:17  Drone  
  14  0:31  Drone x2  
  14  0:35  Drone  
  17  0:53  Spawning Pool, Drone  
  17  0:54  Extractor  
  17  0:57  Drone  
  17  1:28  Hatchery  
  17  1:29  Drone  
  17  1:34  Drone  
  17  1:39  Queen  
  20  1:40  Zergling x2  
  21  1:48  Overlord  
  21  1:55  Evolution Chamber  
  21  1:57  Drone  
  21  2:04  Drone  
  22  2:15  Queen  
  24  2:17  Drone  
  25  2:24  Zerg Melee Weapons Level 1  
  25  2:27  Drone  
  26  2:33  Metabolic Boost  
  26  2:36  Zergling x2  
  27  2:45  Queen  
  27  2:50  Drone  
  27  2:51  Drone  
  31  2:54  Drone  
  31  2:56  Zergling x2  
  33  2:59  Zergling x2  
  33  3:01  Zergling x2  
  35  3:09  Overlord  
  35  3:11  Overlord  
  35  3:13  Drone  
  36  3:27  Spore Crawler  
  36  3:28  Spore Crawler  
  36  3:29  Drone  
  36  3:31  Zergling x6  
  38  3:34  Zergling x2  
  38  3:35  Zergling x2  
  38  3:39  Zergling x2  
  41  3:45  Drone x2  
  43  4:00  Hatchery  
  42  4:05  Drone  
  42  4:06  Drone x2  
  42  4:07  Drone  
  45  4:19  Zergling x10  
  45  4:20  Zergling x2  
  47  4:25  Zergling x4  
  47  4:28  Zergling x2  
  50  4:38  Zergling x6  
  52  4:40  Zergling x2  
  51  5:00  Overlord x3  
  48  5:11  Zergling x2  
  48  5:12  Zergling x10  
  48  5:13  Zergling x2  
  49  5:15  Queen x2  
  49  5:17  Zergling x2  
  49  5:25  Overlord  
  47  5:33  Drone x2  
  47  5:34  Drone x5  
  54  5:36  Drone x3  
  54  5:41  Baneling Nest, Extractor  
  55  5:45  Drone x2  
  55  5:48  Spore Crawler  
  56  5:55  Drone  
  56  5:56  Drone x3  
  57  6:00  Drone  
  57  6:02  Drone x2  
  57  6:03  Drone  
  58  6:06  Drone  
  58  6:07  Drone  
  58  6:08  Drone  
  61  6:11  Zergling x2  
  60  6:19  Zergling x10  
  60  6:25  Zergling x4  
  65  6:26  Baneling x3  
  63  6:33  Zergling x4  
  63  6:34  Zergling x6  
  63  6:36  Zergling x2  
  69  6:43  Zergling x6  
  67  6:48  Zergling x6  
  67  6:51  Drone  
  67  6:52  Drone x3  
  73  6:55  Overlord  
  73  7:01  Baneling x7  
  73  7:02  Baneling  
  73  7:12  Zergling x2  
  73  7:14  Zergling x8  
  73  7:17  Spore Crawler  
  73  7:22  Zergling x8  
  74  7:23  Zergling x2  
  72  7:33  Zergling x6  
  72  7:34  Zergling x6  
  75  7:42  Zergling x4  
  66  7:51  Zergling x2  
  66  7:52  Zergling x4  
  66  7:53  Zergling x10  
  74  7:59  Baneling x2  
  74  8:00  Baneling x2  
  74  8:02  Zergling x10  
  77  8:05  Zergling x2  
  77  8:07  Baneling x2  
  77  8:08  Baneling x6  
  77  8:13  Zergling x2  
  77  8:16  Zergling x4  
  77  8:17  Zergling x2  
  80  8:22  Hatchery  
  70  8:37  Zergling x16  
  70  8:38  Zergling x4  
  76  8:42  Zergling x2  
  76  8:43  Lair  
  76  8:46  Drone x2  
  77  8:50  Zergling x2  
  77  8:54  Zergling x6  
  76  9:04  Drone x4  
  76  9:05  Drone  
  78  9:10  Drone  
  78  9:13  Drone x2  
  77  9:17  Drone x4  
  80  9:27  Drone  
  80  9:28  Extractor  
  80  9:29  Overlord x4  
  80  9:30  Overlord  
  80  9:38  Drone x2  
  82  9:39  Drone  
  82  9:40  Drone x3  
  86  9:50  Hydralisk Den  
  84  9:55  Centrifical Hooks  
  84  9:57  Zergling x2  
  84  9:58  Zergling x22  
  84  9:59  Spore Crawler  
  91  10:05  Zergling x2  
  84  10:08  Zergling x2, Baneling  
  84  10:09  Baneling x6  
  84  10:11  Overlord  
  84  10:13  Zergling x2  
  86  10:19  Hydralisk x4, Muscular Augments  
  86  10:21  Zergling x2  
  95  10:23  Baneling x2  
  95  10:24  Baneling  
  95  10:26  Zergling x6  
  98  10:29  Zergling x4  
  98  10:30  Zergling x2  
  98  10:31  Zergling x2  
  98  10:32  Zergling x2  
  98  10:34  Hydralisk  
  98  10:35  Zergling x2  
  106  10:37  Baneling  
  106  10:38  Baneling  
  106  10:40  Zergling x8  
  110  10:45  Hydralisk, Zergling x6  
  110  10:46  Zergling x2  
  110  10:47  Zergling x2  
  117  10:50  Baneling x2  
  117  10:58  Hydralisk  
  117  10:59  Zergling x12  
  117  11:00  Zergling x4  
  127  11:05  Baneling x3  
  127  11:08  Zergling x6  
  127  11:09  Zergling x6  
  133  11:15  Baneling x3  
  133  11:17  Zergling x6  
  136  11:22  Overlord x3  
  134  11:30  Zergling x2  
  134  11:31  Zergling x2  
Show
View Real Time Build Order
Export as new Build Order

DnS Protoss 

Build Orders: 1 Gate Expand, Oracle Opening 

Get SALT Encoding   

  12  0:00  Probe (Chrono Boost)  
  13  0:11  Probe (Chrono Boost)  
  14  0:18  Pylon  
  14  0:22  Probe (Chrono Boost)  
  15  0:36  Probe (Chrono Boost)  
  15  0:39  Gateway  
  16  0:46  Probe (Chrono Boost)  
  16  0:49  Assimilator  
  18  0:57  Probe (Chrono Boost)  
  18  0:58  Pylon  
  18  1:07  Probe (Chrono Boost)  
  19  1:18  Probe (Chrono Boost)  
  20  1:28  Nexus  
  20  1:37  Cybernetics Core  
  20  1:40  Probe (Chrono Boost)  
  20  1:46  Assimilator  
  21  1:51  Probe (Chrono Boost)  
  22  1:55  Pylon  
  23  2:01  Probe (Chrono Boost)  
  23  2:13  Probe (Chrono Boost), Warp Gate, Adept (Chrono Boost)  
  26  2:25  Probe  
  27  2:34  Stargate  
  28  2:37  Probe  
  28  2:38  Probe  
  28  2:39  Adept (Chrono Boost)  
  31  2:49  Probe x2  
  33  2:59  Probe  
  33  3:01  Probe  
  33  3:03  Adept (Chrono Boost)  
  37  3:10  Probe  
  37  3:11  Pylon  
  38  3:13  Probe  
  38  3:18  Oracle (Chrono Boost)  
  42  3:20  Probe  
  42  3:26  Probe  
  44  3:29  Gateway  
  44  3:31  Probe, Gateway  
  45  3:38  Probe  
  46  3:42  Probe  
  46  3:43  Adept  
  46  3:45  Pylon  
  49  3:50  Probe  
  49  3:52  Probe  
  49  3:55  Oracle (Chrono Boost)  
  54  3:58  Assimilator  
  54  4:03  Probe, Twilight Council  
  54  4:05  Probe  
  54  4:07  Pylon  
  56  4:18  Probe  
  56  4:21  Adept  
  53  4:31  Probe  
  53  4:33  Probe  
  53  4:36  Pylon  
  54  4:39  Adept x2  
  54  4:45  Phoenix (Chrono Boost)  
  55  4:47  Probe  
  53  4:53  Zealot, Probe  
  53  4:57  Charge (Chrono Boost)  
  53  4:59  Probe  
  56  5:03  Zealot x2  
  56  5:04  Probe  
  54  5:12  Probe  
  53  5:14  Probe  
  53  5:18  Adept  
  51  5:24  Probe (Chrono Boost)  
  51  5:26  Probe (Chrono Boost)  
  54  5:35  Probe (Chrono Boost)  
  54  5:37  Probe (Chrono Boost)  
  54  5:38  Adept x3  
  54  5:41  Pylon  
  61  5:46  Probe (Chrono Boost)  
  61  5:48  Probe (Chrono Boost)  
  63  5:57  Probe (Chrono Boost)  
  64  5:58  Probe (Chrono Boost)  
  65  6:07  Probe (Chrono Boost)  
  65  6:08  Mothership Core (Chrono Boost)  
  68  6:18  Probe  
  69  6:19  Nexus  
  69  6:21  Pylon, Sentry x2  
  73  6:26  Probe  
  74  6:33  Probe  
  74  6:37  Probe  
  76  6:41  Adept  
  76  6:43  Robotics Facility  
  76  6:45  Probe  
  71  6:47  Probe  
  71  6:49  Assimilator  
  66  6:58  Probe x2  
  68  7:05  Sentry, Adept x2  
  74  7:08  Pylon, Probe  
  74  7:10  Probe  
  75  7:23  Probe  
  75  7:24  Probe  
  77  7:31  Adept  
  77  7:32  Adept x2  
  77  7:36  Gateway  
  73  7:41  Probe  
  73  7:43  Probe x2  
  71  7:48  Immortal (Chrono Boost)  
  76  7:53  Sentry x2, Adept  
  76  7:54  Probe x2  
  76  7:55  Pylon  
  84  8:03  Probe  
  80  8:09  Probe  
  80  8:11  Probe  
  81  8:13  Forge  
  82  8:20  Gateway  
  82  8:21  Pylon, Adept x3  
  90  8:30  Immortal (Chrono Boost)  
  90  8:31  Void Ray  
  72  8:42  Adept x3  
  78  8:50  Gateway x2  
  78  8:57  Pylon  
  69  9:02  Adept  
  69  9:03  Adept x2  
  69  9:07  Immortal (Chrono Boost)  
  75  9:32  Zealot x4  
  83  9:46  Templar Archives  
  82  9:55  Zealot x2, Sentry  
  82  9:56  Zealot x2  
  92  10:01  Protoss Ground Weapons Level 1 (Chrono Boost)  
  94  10:07  Warp Prism (Chrono Boost)  
  94  10:08  Pylon  
  94  10:09  Pylon  
  94  10:19  Nexus  
  94  10:24  Pylon  
  94  10:34  Probe x2  
  96  10:36  Assimilator  
  96  10:37  High Templar x2  
  96  10:38  Zealot x3  
  96  10:39  Assimilator  
  96  10:41  Archon  
  106  10:52  Pylon  
  106  10:53  Immortal (Chrono Boost)  
  110  11:04  Gateway  
  110  11:05  Gateway, High Templar x2  
  110  11:08  Pylon  
  110  11:09  Archon  
  114  11:14  Zealot x2  
  118  11:18  Zealot  
  116  11:40  Zealot x5  
Tags
 
Add a new tag
Caveats
  • Supply blocks, unpowered buildings, or Contaminate may cause inaccurate times.
  • Supply counts are checked every 10 seconds.